 Dungeon Crawl Stone Soup version 0.25.1-2-g60ff931df9 (webtiles) character file.

Game seed: 4393590684604515087

26 jbtxwes the Poker (level 3, -2/27 HPs)
             Began as a Merfolk Skald on Nov 10, 2020.
             Slain by a worm (11 damage)
             ... on level 2 of the Dungeon.
             The game lasted 00:03:29 (1281 turns).

jbtxwes the Poker (Merfolk Skald)                   Turns: 1281, Time: 00:03:29

Health: -2/27      AC:  3    Str: 12    XL:     3   Next: 8%
Magic:  6/6        EV: 12    Int: 12    God:
Gold:   114        SH:  0    Dex: 13    Spells: 3/6 levels left

rFire    . . .     SeeInvis .   a - +0 spear
rCold    . . .     Gourm    .   (no shield)
rNeg     . . .     Faith    .   b - +0 leather armour
rPois    .         Spirit   .   (no helmet)
rElec    .         Reflect  .   (no cloak)
rCorr    .         Harm     .   (no gloves)
MR       .....                  (no boots)
Stlth    +.........             (no amulet)
HPRegen  0.09/turn              (no ring)
MPRegen  0.10/turn              (no ring)

@: no status effects
A: change form in water, swift swim, stealthy swim
a: no special abilities


You were on level 2 of the Dungeon.
You were not hungry.

You visited 1 branch of the dungeon, and saw 2 of its levels.

You collected 114 gold pieces.

Inventory:

Hand Weapons
 a - a +0 spear (weapon)
Armour
 b - a +0 leather armour (worn)
 h - a +0 ring mail
Wands
 i - a wand of enslavement (10)
Scrolls
 e - a scroll of identify {unknown}
 f - a scroll of remove curse {unknown}
Potions
 c - a potion of haste {unknown}
 g - a potion of magic {unknown}
 j - a potion of ambrosia {unknown}
Comestibles
 d - a ration


   Skills:
 + Level 2.3 Fighting
 * Level 3.8 Polearms
 + Level 0.7 Armour
 + Level 3.0 Dodging
 + Level 0.7 Stealth
 + Level 2.1 Spellcasting
 + Level 3.6 Charms


You had 3 spell levels left.
You knew the following spells:

 Your Spells              Type           Power        Failure   Level  Hunger
a - Infusion              Chrm           ##..         8%          1    ##.....
b - Song of Slaying       Chrm           ##......     12%         2    ###....

Your spell library contained the following spells:

 Spells                   Type           Power        Failure   Level  Hunger
 Shroud of Golubria       Chrm/Tloc      #.....       24%         2    ###....
 Ozocubu's Armour         Chrm/Ice       #.......     43%         3    ####...
 Spectral Weapon          Hex/Chrm       #.......     43%         3    ####...


Dungeon Overview and Level Annotations

Branches:
Dungeon (2/15)

Altars:
Xom


Message History

The worm bites you.
You hit the worm but do no damage.
The worm is moderately wounded.
The bat misses you.
You barely miss the worm.
The worm is moderately wounded.
The bat misses you. The worm bites you!
You hit the worm.
The worm is moderately wounded.
The bat misses you.
You hit the worm but do no damage.
The worm is moderately wounded.
The bat misses you. The worm barely misses you.
You hit the worm.
The worm is heavily wounded.
The bat hits you.
You hit the worm but do no damage.
The worm is heavily wounded.
The worm bites you!
You die...

.##...)(..##....
#.........##.....
#......#.##......
#.##...#.#.......
# #....#.#.....?.
#....#.#.......
#....#.'.......
#(...#bw.......
#@#.......
#.#.......
#.#.......
#.##...... #..
#..w.. ##. #....
# #...


You could see a worm and a bat.

Vanquished Creatures
  An adder (D:2)
  An ooze (D:1)
  A giant cockroach (D:1)
  A goblin (D:1)
  2 hobgoblins (D:1)
  4 kobolds
  A ball python (D:1)
  A frilled lizard (D:1)
  3 rats
15 creatures vanquished.

Notes
Turn   | Place    | Note
-------+----------+-------------------------------------------
     0 | D:1      | jbtxwes the Merfolk Skald began the quest for the Orb.
     0 | D:1      | Reached XP level 1. HP: 16/16 MP: 3/3
   115 | D:1      | Reached XP level 2. HP: 20/22 MP: 5/5
   119 | D:1      | Learned a level 2 spell: Song of Slaying
   504 | D:1      | Found a shimmering altar of Xom.
  1062 | D:2      | Reached XP level 3. HP: 18/27 MP: 6/6
  1281 | D:2      | Slain by a worm

Illustrated notes

Levels and vault maps discovered:
D:1:      elethiomel_arrival_shortcut, layout_basic, minivault_23, st_stairs_1,
          minivault_23, xom_teletrap_fun
D:2:      kennysheep_big_flooded_room, layout_basic,
          grunt_temple_overflow_magic_moments, uniq_jessica, uniq_sigmund

Skill      XL: |  1  2 |
---------------+-------+-----
Dodging        | 3 |  3.0
Fighting       | |  2.3
Polearms       | |  3.8
Armour         | |  0.7
Stealth        | |  0.7
Spellcasting   | |  2.1
Charms         | |  3.6

Action                   || total
-------------------------++-------
Melee: Spear             ||    78
 Cast: Infusion          ||     2
 Stab: Sleeping          ||     2
  Eat: Ration            ||     1
Armor: Leather armour    ||     8
Dodge: Dodged            ||    41
